 Dungeon Crawl Stone Soup version 0.22-a0-389-g8519d86 (webtiles) character file.

209 Falco the Digger (level 5, -1/35 HPs)
             Began as a Vampire Earth Elementalist on May 1, 2018.
             Was an Initiate of Sif Muna.
             Slain by Edmund
             ... wielding a +0 flail of protection
              (3 damage)
             ... on level 4 of the Dungeon.
             The game lasted 00:26:47 (6465 turns).

Falco the Digger (Vampire Earth Elementalist)       Turns: 6465, Time: 00:26:48

Health: -1/35      AC:  4    Str:  7    XL:     5   Next: 55%
Magic:  2/9        EV: 13    Int: 18    God:    Sif Muna [......]
Gold:   170        SH:  0    Dex: 15    Spells: 4/10 levels left

rFire    . . .     SeeInvis +     - Unarmed
rCold    + . .     Gourm    .   (no shield)
rNeg     + + +     Faith    .   m - +1 robe {rN+}
rPois    +         Spirit   .   (no helmet)
rElec    .         Reflect  .   (no cloak)
rCorr    .         Harm     .   a - +0 pair of gloves
MR       .....                  (no boots)
Stlth    ++++......             (no amulet)
HPRegen  0.05/turn              (no ring)
MPRegen  0.11/turn              (no ring)

@: very slightly contaminated, regenerating slowly
A: fangs 3, see invisible, unbreathing
a: Bat Form, Renounce Religion


You were on level 4 of the Dungeon.
You worshipped Sif Muna.
Sif Muna was noncommittal.
You were very thirsty.

You visited 1 branch of the dungeon, and saw 4 of its levels.

You collected 170 gold pieces.

Inventory:

Hand Weapons
 p - a +2 vampiric dagger
Missiles
 b - 21 stones (quivered)
 l - 26 poisoned needles
Armour
 a - a +0 pair of gloves (worn)
 c - a +0 robe
 m - a +1 robe of positive energy (worn)
Jewellery
 o - a cursed amulet of harm {unknown}
 q - an uncursed amulet of the gourmand {unknown}
Scrolls
 e - a scroll of magic mapping {unknown}
 f - a scroll of remove curse {unknown}
 g - a scroll of blinking {unknown}
 i - 2 scrolls of teleportation {unknown}
 j - 3 scrolls of enchant weapon {unknown}
 n - a scroll of random uselessness {unknown}
 r - a scroll of amnesia {unknown}
 u - a scroll of identify
Potions
 d - 10 potions of blood
 h - a potion of lignification {unknown}
 k - 3 potions of haste
 s - 2 potions of resistance {unknown}
 t - a potion of brilliance {unknown}
 v - a potion of degeneration {unknown}
 w - a potion of mutation {unknown}


   Skills:
 + Level 0.2 Fighting
 + Level 2.8 Dodging
 + Level 4.2 Stealth
 + Level 2.3 Unarmed Combat
 + Level 3.0 Spellcasting
 + Level 0.2 Conjurations
 + Level 1.4 Transmutations
 + Level 4.2 Earth Magic


You had 4 spell levels left.
You knew the following spells:

 Your Spells              Type           Power        Failure   Level  Hunger
a - Sandblast             Erth           ###...       2%          1    None
b - Passwall              Tmut/Erth      ##........   8%          2    ##.....
c - Stone Arrow           Conj/Erth      ##....       19%         3    ###....


Dungeon Overview and Level Annotations

Branches:
Dungeon (4/15)
 Temple: D:4-7

Altars:
Ashenzari
Makhleb
Okawaru
Sif Muna

Annotations:
D:4 Edmund, Natasha


Innate Abilities, Weirdness & Mutations

You heal slowly.
You have razor-sharp teeth.
You have supernaturally acute eyesight. (SInv)
You can survive without breathing.


Message History

The crimson imp blinks!
You hit Edmund but do no damage.
Edmund hits you with a flail of protection!
You closely miss Edmund.
Edmund mutters, "Who needs spells, anyway?"
Edmund closely misses you.
You hit Edmund but do no damage. Edmund misses you.
You hit Edmund but do no damage.
Edmund hits you with a flail of protection!
* * * LOW HITPOINT WARNING * * *
You completely miss Edmund.
The crimson imp blinks!
You closely miss Edmund. Edmund hits you but does no damage.
Natasha mumbles some strange words.
You completely miss Edmund. You bite Edmund, but do no damage.
Edmund hits you with a flail of protection.
* * * LOW HITPOINT WARNING * * *
Natasha mumbles some strange words.
You hit Edmund but do no damage.
Edmund hits you with a flail of protection.
You die...

##..#######.........#
. #..## #......5...##
. #..# #.o######...#
#..# #..# ##..## #..#
#..# ##..#######
##.## #.5##
##........## #.##
##.5## ###....####..#
.## ##5o###.....##
##.### ##
##h@@.###..## ###..##
# ######
##..###...... ###
##..(....... ..#
########... ### #..##
#.## ###


You could see Edmund, Natasha, 2 crimson imps, a white imp and an orc.

Vanquished Creatures
  6 gnolls
  6 adders
  An ooze (D:2)
  An adder skeleton (D:4)
  A worm (D:3)
  4 dart slugs
  6 orcs
  2 ball pythons (D:3)
  8 goblins
  6 hobgoblins
  9 jackals (D:1)
  2 quokkas
  7 bats
  2 frilled lizards
  11 kobolds
  5 rats
77 creatures vanquished.

Vanquished Creatures (others)
  4 toadstools (D:1)
4 creatures vanquished.

Grand Total: 81 creatures vanquished

Notes
Turn   | Place    | Note
-------+----------+-------------------------------------------
     0 | D:1      | Falco the Vampire Earth Elementalist began the quest for the Orb.
     0 | D:1      | Reached XP level 1. HP: 13/13 MP: 3/3
   303 | D:1      | Reached XP level 2. HP: 14/19 MP: 1/5
  1065 | D:1      | Reached XP level 3. HP: 14/24 MP: 4/6
  1188 | D:1      | Learned a level 2 spell: Passwall
  1192 | D:1      | Learned a level 3 spell: Stone Arrow
  1952 | D:2      | Found a deep blue altar of Sif Muna.
  1956 | D:2      | Became a worshipper of Sif Muna the Loreminder
  1962 | D:2      | Found a shattered altar of Ashenzari.
  1965 | D:2      | Found a burning altar of Makhleb.
  1968 | D:2      | Found an iron altar of Okawaru.
  2181 | D:2      | Reached skill level 1 in Unarmed Combat
  2659 | D:2      | Reached XP level 4. HP: 30/30 MP: 0/7
  3614 | D:3      | Found a faded altar of an unknown god.
  3773 | D:3      | Reached XP level 5. HP: 13/35 MP: 0/9
  3804 | D:3      | HP: 1/35 [gnoll/club (4)]
  6426 | D:4      | Noticed Natasha
  6427 | D:4      | Noticed Edmund
  6465 | D:4      | Slain by Edmund

Vault maps used:
D:1:      ldierk_walled_garden_2
D:2:      grunt_temple_overflow_cloverleaf, first_ration
D:3:      chequers_ecumenical_altar_simple
D:4:      uniq_natasha, uniq_edmund

Skill      XL: |  1  2  3  4  5 |
---------------+----------------+-----
Unarmed Combat | 1 2 |  2.3
Stealth        | 4 |  4.2
Earth Magic    | 4 |  4.2
Spellcasting   | 3 |  3.0
Fighting       | |  0.2
Dodging        | |  2.8
Conjurations   | |  0.2
Transmutations | |  1.4

Action                   |  1- 3 |  4- 6 || total
-------------------------+-------+-------++-------
Melee: Unarmed           |   172 |   116 ||   288
       Bite              |    17 |    10 ||    27
       Punch             |       |     1 ||     1
 Cast: Sandblast         |    29 |    42 ||    71
       Stone Arrow       |     7 |     9 ||    16
       Passwall          |     1 |       ||     1
  Use: Potion            |     7 |     9 ||    16
       Scroll            |     2 |       ||     2
 Stab: Sleeping          |     3 |     1 ||     4
Armor: Robe              |    58 |    23 ||    81
Dodge: Dodged            |   135 |    78 ||   213

Table legend:
 A = Spawn XP
 B = Non-spawn XP
 C = Spawn XP percentage of total XP
 D = Spawn monster count
 E = Non-spawn monster count
 F = Spawn count percentage of total count
 G = Total turns spent on level
                    A         B        C        D         E        F      G
               +---------+---------+-------+---------+---------+-------+---------
         Total |       0 |     299 |   0.0 |       0 |      77 |   0.0 |  6465
               +---------+---------+-------+---------+---------+-------+---------
           D:1 |       0 |      63 |   0.0 |       0 |      30 |   0.0 |  1986
           D:2 |       0 |     101 |   0.0 |       0 |      20 |   0.0 |  1605
           D:3 |       0 |     113 |   0.0 |       0 |      23 |   0.0 |  1358
           D:4 |       0 |      22 |   0.0 |       0 |       4 |   0.0 |  1516
               +---------+---------+-------+---------+---------+-------+---------
